AoeStats
← CazadorGT

Black Forest

506251936Analyzed
4v4 RM · 21d ago on Sep 12, 2026· 39m 38s· 8 players
Game mode
Random Map
Map size
Large (8 player)
Population
200
Speed
Normal
Resources
Standard
Victory
Conquest
Starting age
Dark Age
Ending age
Imperial Age
RankedLock teamsTeams togetherTeam positionsShared explorationLock speedFull tech treeHidden civsTurbo modeCheats
Victory
Defeat
🇬🇧 Armenians · United Kingdom
1167
+16
🇦🇷 Bohemians · Argentina
1156
+17
🇰🇷 Koreans · South Korea
1144
+17
🇺🇸 Vietnamese · United States
1122
+18
🇬🇹 Hindustanis · Guatemala
1405
-26
🇪🇸 Britons · Spain
1122
-15
🇪🇸 Mongols · Spain
1091
-14
🇬🇹 Persians · Guatemala
1066
-13
Jaeger
3:11 Loom
13:19 Feudal Age
14:52 Wheelbarrow
15:47 Fletching
15:58 Padded Archer Armor
19:31 Horse Collar
23:29 Castle Age
23:47 Gold Mining
24:54 Forging
24:44 Scale Mail Armor
25:02 Hand Cart
27:58 Pikeman
31:42 Iron Casting
31:22 Chain Mail Armor
32:14 Chain Mail Armor
31:50 Double-Bit Axe
32:07 Heavy Plow
32:00 Stone Mining
34:52 Stone Shaft Mining
36:09 Bow Saw
37:19 Squires
37:05 Arson
HaBeeMo
0:46 Loom
0:58 Loom
12:02 Feudal Age
12:41 Double-Bit Axe
19:43 Castle Age
17:52 Horse Collar
19:50 Fletching
20:25 Husbandry
22:02 Heavy Plow
22:47 Crossbowman
23:26 Bodkin Arrow
24:13 Bow Saw
26:15 Stone Mining
28:05 Wheelbarrow
28:48 Fortified Wall
29:07 Hand Cart
29:55 Ballistics
33:31 Imperial Age
31:12 Elite Skirmisher
32:49 Careening
33:44 Eupseong
35:39 Two-Man Saw
35:15 Gold Mining
35:56 Elite War Wagon
38:02 Chemistry
37:54 Gold Shaft Mining
39:13 Stone Shaft Mining
38:52 Heavy Rocket Cart
39:38 Siege Engineers
39:55 Conscription
hualiya44
0:27 Loom
13:27 Feudal Age
14:01 Town Watch
17:11 Castle Age
15:54 Double-Bit Axe
15:53 Horse Collar
23:50 Wheelbarrow
32:01 Imperial Age
31:12 Hand Cart
31:14 Bow Saw
32:11 Chemistry
31:41 Heavy Plow
34:22 Pikeman
35:03 Squires
34:48 Arson
35:16 Forging
35:07 Scale Mail Armor
35:51 Halberdier
37:18 Iron Casting
36:59 Chain Mail Armor
37:49 Two-Man Saw
39:01 Blast Furnace
39:35 Plate Mail Armor
Lord Watson
8:59 Feudal Age
9:01 Man-at-Arms
9:58 Arson
9:53 Long Swordsman
11:35 Arson
15:30 Horse Collar
16:14 Scale Mail Armor
18:39 Pikeman
20:04 Double-Bit Axe
21:23 Wheelbarrow
22:01 Forging
27:32 Castle Age
26:04 Gold Mining
28:14 Squires
28:30 Chain Mail Armor
27:37 Two-Handed Swordsman
28:06 Gambesons
27:44 Two-Handed Swordsman
28:42 Bow Saw
28:59 Hand Cart
30:17 Iron Casting
29:42 Loom
29:44 Town Watch
30:08 Heavy Plow
36:55 Halberdier
CazadorGT
2:26 Loom
12:40 Feudal Age
16:44 Castle Age
15:26 Forging
16:01 Bloodlines
15:51 Double-Bit Axe
17:13 Scale Barding Armor
20:32 Husbandry
23:15 Iron Casting
24:15 Wheelbarrow
24:32 Bow Saw
26:34 Chain Barding Armor
32:10 Town Watch
36:19 Hand Cart
38:00 Horse Collar
39:37 Fletching
[XEVER]_AlarconFalcon
10:03 Loom
11:48 Feudal Age
16:22 Castle Age
15:10 Double-Bit Axe
16:36 Gold Mining
16:27 Horse Collar
19:33 Wheelbarrow
19:16 Scale Barding Armor
24:13 Forging
29:08 Bloodlines
29:02 Heavy Plow
29:18 Bow Saw
29:00 Stone Mining
30:37 Hand Cart
31:46 Iron Casting
31:43 Husbandry
32:00 Bloodlines
36:03 Imperial Age
34:20 Chain Barding Armor
34:42 Scale Mail Armor
34:35 Fletching
34:27 Light Cavalry
36:46 Grand Trunk Road
36:17 Heavy Camel Rider
36:20 Hussar
37:36 Plate Barding Armor
38:01 Blast Furnace
37:19 Chain Mail Armor
37:00 Bodkin Arrow
37:05 Padded Archer Armor
39:28 Chemistry
38:48 Ballistics
38:35 Imperial Camel Rider
pituarthax
0:32 Loom
12:35 Feudal Age
25:56 Fletching
28:02 Padded Archer Armor
33:18 Castle Age
Kiko de la Rica
0:26 Loom
12:17 Feudal Age
16:15 Castle Age
14:22 Double-Bit Axe
17:44 Wheelbarrow
24:41 Bow Saw
25:24 Gold Mining
25:23 Horse Collar
27:03 Heavy Plow
28:43 Town Watch
32:00 Gold Shaft Mining
31:18 Stone Mining
32:19 Fletching
32:30 Padded Archer Armor
32:46 Hand Cart
32:32 Town Patrol
33:54 Stone Shaft Mining
33:14 Elite Skirmisher
33:52 Bodkin Arrow
34:12 Leather Archer Armor
37:30 Imperial Age
35:50 Thumb Ring
36:47 Ballistics
36:55 Fortified Wall
37:15 Light Cavalry
38:06 Bloodlines
37:56 Husbandry
38:29 Bracer
38:48 Onager
Connection lost

Rejoining the realm…

Still unreachable

The connection could not be restored.

Session expired

The server has moved on; the page needs a fresh start.